NYP
ABERDEEN IRONBIRDS @ TRI-CITY VALLEYCATS
06/24/2048
 
TOP OF THE 1ST
Aberdeen Ironbirds batting - Pitching for Tri-City ValleyCats : RHP Ryan Hoagland
Pitching: RHP Ryan Hoagland
Batting: LHB Vinny Rivera 0-0: Ball
1-0: Ball
2-0: Called Strike
2-1: Ground out 5-3 (Groundball, 56, EV 80.0 MPH)
Batting: RHB Maup Gommers 0-0: Ground out 4-3 (Groundball, 4, EV 107.5 MPH)
Batting: LHB Pat Fontana 0-0: Foul Ball, location: 2F
0-1: Ball
1-1: Ground out 6-3 (Groundball, 6, EV 86.9 MPH)
Top of the 1st over - 0 runs, 0 hits, 0 errors, 0 left on base; Aberdeen 0 - Tri-City 0
BOTTOM OF THE 1ST
Tri-City ValleyCats batting - Pitching for Aberdeen Ironbirds : RHP Jun-seok Pak
Pitching: RHP Jun-seok Pak
Batting: RHB Omar Amaya 0-0: Ground out 6-3 (Groundball, 6, EV 88.1 MPH)
Batting: LHB Jackson Trottier 0-0: Ball
1-0: Called Strike
1-1: Swinging Strike
1-2: Strikes out looking
Batting: RHB Erik Smith 0-0: Ground out 2-3 (Groundball, 2L, EV 70.0 MPH)
Bottom of the 1st over - 0 runs, 0 hits, 0 errors, 0 left on base; Aberdeen 0 - Tri-City 0
TOP OF THE 2ND
Aberdeen Ironbirds batting - Pitching for Tri-City ValleyCats : RHP Ryan Hoagland
Batting: RHB Jonathan Mendoza 0-0: Called Strike
0-1: Ball
1-1: Foul Ball, location: 2F
1-2: Strikes out swinging
Batting: LHB Sam Williams 0-0: Foul Ball, location: 2F
0-1: Swinging Strike
0-2: Strikes out swinging
Batting: SHB Carlos Carrillo 0-0: Ball
1-0: Ball
2-0: Foul Ball, location: 2F
2-1: Ground out 4-3 (Groundball, 4M, EV 88.1 MPH)
Top of the 2nd over - 0 runs, 0 hits, 0 errors, 0 left on base; Aberdeen 0 - Tri-City 0
BOTTOM OF THE 2ND
Tri-City ValleyCats batting - Pitching for Aberdeen Ironbirds : RHP Jun-seok Pak
Batting: RHB Dinand Brouwer 0-0: Ball
1-0: Foul Ball, location: 2F
1-1: Ball
2-1: Foul Ball, location: 2F
2-2: Foul Ball, location: 2F
2-2: Ball
3-2: TRIPLE (Flyball, 8RXD, EV 100.0 MPH)
Batting: RHB Juan Mendoza 0-0: Called Strike
0-1: Ball
1-1: Called Strike
1-2: Strikes out looking
Batting: RHB Drew Coleman 0-0: Ball
1-0: Ball
2-0: Ground out 6-3 (Groundball, 6, EV 77.5 MPH)
Dinand Brouwer scores
Batting: RHB Steve Moore 0-0: Ball
1-0: Ground out 4-3 (Groundball, 4, EV 101.2 MPH)
Bottom of the 2nd over - 1 run, 1 hit, 0 errors, 0 left on base; Aberdeen 0 - Tri-City 1
TOP OF THE 3RD
Aberdeen Ironbirds batting - Pitching for Tri-City ValleyCats : RHP Ryan Hoagland
Batting: RHB Wil Ochoa 0-0: Swinging Strike
0-1: Called Strike
0-2: Ball
1-2: Ball
2-2: Foul Ball, location: 2F
2-2: Strikes out looking
Batting: SHB Chris Wright 0-0: Ball
1-0: Ball
2-0: Called Strike
2-1: Fly out, F9 (Flyball, 9D, EV 95.6 MPH)
Batting: RHB Fernando Bravo 0-0: Swinging Strike
0-1: Foul Ball, location: 2F
0-2: Strikes out swinging
Top of the 3rd over - 0 runs, 0 hits, 0 errors, 0 left on base; Aberdeen 0 - Tri-City 1
BOTTOM OF THE 3RD
Tri-City ValleyCats batting - Pitching for Aberdeen Ironbirds : RHP Jun-seok Pak
Batting: RHB Yoshitoshi Mori 0-0: Ball
1-0: Swinging Strike
1-1: SINGLE (Groundball, 6D, EV 106.2 MPH)
Batting: RHB J.R. Roberts 0-0: Ball
1-0: DOUBLE (Line Drive, 89D, EV 100.6 MPH)
Yoshitoshi Mori to third
Batting: RHB Omar Amaya 0-0: Called Strike
0-1: Swinging Strike
0-2: Ground out 5-3 (Groundball, 5, EV 88.8 MPH)
Batting: LHB Jackson Trottier 0-0: Ball
1-0: Swinging Strike
1-1: Ground out 3-1 (Groundball, 34, EV 80.0 MPH)
Yoshitoshi Mori scores
J.R. Roberts to third
Batting: RHB Erik Smith 0-0: Ball
1-0: Ball
2-0: Ground out U3 (Groundball, 3S, EV 88.1 MPH)
Bottom of the 3rd over - 1 run, 2 hits, 0 errors, 1 left on base; Aberdeen 0 - Tri-City 2
TOP OF THE 4TH
Aberdeen Ironbirds batting - Pitching for Tri-City ValleyCats : RHP Ryan Hoagland
Batting: LHB Vinny Rivera 0-0: Called Strike
0-1: Ball
1-1: Ball
2-1: Foul Ball, location: 2F
2-2: Foul Ball, location: 2F
2-2: Foul Ball, location: 2F
2-2: SINGLE (Line Drive, 56, EV 105.0 MPH)
Batting: RHB Maup Gommers 0-0: Ball
1-0: Swinging Strike
1-1: Called Strike
Vinny Rivera steals 2nd base
1-2: Foul Ball, location: 2F
1-2: Fly out, F8 (Flyball, 8RM, EV 80.6 MPH)
Batting: LHB Pat Fontana 0-0: Ball
1-0: Ball
2-0: Fly out, F8 (Flyball, 89M, EV 90.6 MPH)
Batting: RHB Jonathan Mendoza 0-0: Called Strike
0-1: Ball
1-1: Called Strike
1-2: Ball
2-2: Ball
3-2: Foul Ball, location: 2F
3-2: Foul Ball, location: 2F
3-2: Ground out 6-3 (Groundball, 4M, EV 88.1 MPH)
Top of the 4th over - 0 runs, 1 hit, 0 errors, 1 left on base; Aberdeen 0 - Tri-City 2
BOTTOM OF THE 4TH
Tri-City ValleyCats batting - Pitching for Aberdeen Ironbirds : RHP Jun-seok Pak
Batting: RHB Dinand Brouwer 0-0: Ball
1-0: SINGLE (Groundball, 56D, EV 99.4 MPH)
Batting: RHB Juan Mendoza 0-0: Called Strike
0-1: Ball
1-1: Ball
2-1: Grounds into double play, 6-4-3 (Groundball, 6, EV 88.1 MPH)
Batting: RHB Drew Coleman 0-0: Foul Ball, location: 2F
0-1: Fly out, F7 (Flyball, 7, EV 95.0 MPH)
Bottom of the 4th over - 0 runs, 1 hit, 0 errors, 0 left on base; Aberdeen 0 - Tri-City 2
TOP OF THE 5TH
Aberdeen Ironbirds batting - Pitching for Tri-City ValleyCats : RHP Ryan Hoagland
Batting: LHB Sam Williams 0-0: Ball
1-0: Foul Ball, location: 2F
1-1: Swinging Strike
1-2: Ball
2-2: Foul Ball, location: 2F
2-2: Ball
3-2: Strikes out looking
Batting: SHB Carlos Carrillo 0-0: Ball
1-0: Foul Ball, location: 2F
1-1: Foul Ball, location: 2F
1-2: Foul Ball, location: 2F
1-2: Ball
2-2: Foul Ball, location: 2F
2-2: Ball
3-2: Base on Balls
Batting: RHB Wil Ochoa 0-0: Called Strike
0-1: 2-RUN HOME RUN (Flyball, 7LD, EV 93.1 MPH), Distance : 332 ft
Batting: SHB Chris Wright 0-0: Fly out, F8 (Flyball, 89M, EV 81.2 MPH)
Batting: RHB Fernando Bravo 0-0: Called Strike
0-1: TRIPLE (Flyball, 89XD, EV 95.0 MPH)
Batting: LHB Vinny Rivera 0-0: Foul Ball, location: 2F
0-1: Ball
1-1: Swinging Strike
1-2: Ground out 3-1 (Groundball, 34S, EV 83.1 MPH)
Top of the 5th over - 2 runs, 2 hits, 0 errors, 1 left on base; Aberdeen 2 - Tri-City 2
BOTTOM OF THE 5TH
Tri-City ValleyCats batting - Pitching for Aberdeen Ironbirds : RHP Jun-seok Pak
Batting: RHB Steve Moore 0-0: Called Strike
0-1: Ball
1-1: Foul Ball, location: 2F
1-2: Strikes out looking
Batting: RHB Yoshitoshi Mori 0-0: Called Strike
0-1: Called Strike
0-2: Foul Ball, location: 2F
0-2: Ball
1-2: Ball
2-2: Strikes out swinging
Batting: RHB J.R. Roberts 0-0: Called Strike
0-1: Ball
1-1: SINGLE (Flyball, 56D, EV 94.4 MPH)
Batting: RHB Omar Amaya 0-0: Foul Ball, location: 2F
0-1: Ball
1-1: Ball
2-1: Called Strike
2-2: SINGLE (Groundball, 4MD, EV 100.6 MPH)
J.R. Roberts to second
Runner from 2nd tries for 3rd, SAFE, no throw by CF
Batting: LHB Jackson Trottier 0-0: Ball
1-0: Ball
2-0: Called Strike
2-1: Foul Ball, location: 2F
2-2: Foul Ball, location: 2F
2-2: Ground out 4-3 (Groundball, 4, EV 85.6 MPH)
Bottom of the 5th over - 0 runs, 2 hits, 0 errors, 2 left on base; Aberdeen 2 - Tri-City 2
TOP OF THE 6TH
Aberdeen Ironbirds batting - Pitching for Tri-City ValleyCats : RHP Ryan Hoagland
Batting: RHB Maup Gommers 0-0: Ball
1-0: Ground out 6-3 (Groundball, 6, EV 82.5 MPH)
Batting: LHB Pat Fontana 0-0: Ball
1-0: Swinging Strike
1-1: Ball
2-1: Foul Ball, location: 2F
2-2: TRIPLE (Flyball, 9LD, EV 96.2 MPH)
Batting: RHB Jonathan Mendoza 0-0: Ball
1-0: Ball
2-0: Foul Ball, location: 2F
2-1: Swinging Strike
2-2: Strikes out swinging
Batting: LHB Sam Williams 0-0: Called Strike
0-1: Swinging Strike
0-2: Strikes out swinging
Top of the 6th over - 0 runs, 1 hit, 0 errors, 1 left on base; Aberdeen 2 - Tri-City 2
BOTTOM OF THE 6TH
Tri-City ValleyCats batting - Pitching for Aberdeen Ironbirds : RHP Jun-seok Pak
Batting: RHB Erik Smith 0-0: Ball
1-0: Foul Ball, location: 2F
1-1: Swinging Strike
1-2: Ground out 6-3 (Groundball, 6, EV 76.2 MPH)
Batting: RHB Dinand Brouwer 0-0: Ball
1-0: Foul Ball, location: 2F
1-1: Foul Ball, location: 2F
1-2: Foul Ball, location: 2F
1-2: Strikes out swinging
Batting: RHB Juan Mendoza 0-0: Called Strike
0-1: Fly out, F3 (Popup, 34S, EV 78.1 MPH)
Bottom of the 6th over - 0 runs, 0 hits, 0 errors, 0 left on base; Aberdeen 2 - Tri-City 2
TOP OF THE 7TH
Aberdeen Ironbirds batting - Pitching for Tri-City ValleyCats : RHP Ryan Hoagland
Pitching: RHP Addick Huiberts
Batting: SHB Carlos Carrillo 0-0: Ball
1-0: Foul Ball, location: 2F
1-1: Foul Ball, location: 2F
1-2: Strikes out swinging
Batting: RHB Wil Ochoa 0-0: Ball
1-0: TRIPLE (Flyball, 9LD, EV 99.4 MPH)
Batting: SHB Chris Wright 0-0: Ball
1-0: Ball
2-0: Ball
3-0: Base on Balls
Batting: RHB Fernando Bravo 0-0: Called Strike
0-1: Ball
1-1: Ball
2-1: Ball
3-1: Foul Ball, location: 2F
3-2: Ground out 5-3 (Groundball, 56, EV 106.2 MPH)
Chris Wright to second
Batting: LHB Vinny Rivera 0-0: Ground out 4-3 (Groundball, 4M, EV 85.0 MPH)
Top of the 7th over - 0 runs, 1 hit, 0 errors, 2 left on base; Aberdeen 2 - Tri-City 2
BOTTOM OF THE 7TH
Tri-City ValleyCats batting - Pitching for Aberdeen Ironbirds : RHP Jun-seok Pak
Batting: RHB Drew Coleman 0-0: Ball
1-0: Called Strike
1-1: Ball
2-1: Swinging Strike
2-2: Strikes out swinging
Batting: RHB Steve Moore 0-0: Ground out 5-3 (Groundball, 5L, EV 89.4 MPH)
Batting: RHB Yoshitoshi Mori 0-0: Called Strike
0-1: Ball
1-1: Swinging Strike
1-2: Foul Ball, location: 2F
1-2: Ball
2-2: Strikes out swinging
Bottom of the 7th over - 0 runs, 0 hits, 0 errors, 0 left on base; Aberdeen 2 - Tri-City 2
TOP OF THE 8TH
Aberdeen Ironbirds batting - Pitching for Tri-City ValleyCats : RHP Addick Huiberts
Batting: RHB Maup Gommers 0-0: Called Strike
0-1: Ball
1-1: Foul Ball, location: 2F
1-2: Strikes out looking
Batting: LHB Pat Fontana 0-0: Ball
1-0: Fly out, F5 (Popup, 5SF, EV 83.8 MPH)
Batting: RHB Jonathan Mendoza 0-0: Ball
1-0: Ball
2-0: Called Strike
2-1: Ball
3-1: Called Strike
3-2: Ground out 4-3 (Groundball, 4, EV 105.6 MPH)
Top of the 8th over - 0 runs, 0 hits, 0 errors, 0 left on base; Aberdeen 2 - Tri-City 2
BOTTOM OF THE 8TH
Tri-City ValleyCats batting - Pitching for Aberdeen Ironbirds : RHP Jun-seok Pak
Pitching: RHP Nick Hodge
Pinch Hitting: LHB Tomas de Zeeuw 0-0: Ball
1-0: Ball
2-0: Called Strike
2-1: Fly out, F7 (Flyball, 78D, EV 93.8 MPH)
Pinch Hitting: LHB Lou Toth 0-0: Ground out U3 (Groundball, 3, EV 81.9 MPH)
Batting: LHB Jackson Trottier 0-0: Ball
1-0: Called Strike
1-1: Ground out 1-3 (Groundball, 13S, EV 67.5 MPH)
Bottom of the 8th over - 0 runs, 0 hits, 0 errors, 0 left on base; Aberdeen 2 - Tri-City 2
TOP OF THE 9TH
Aberdeen Ironbirds batting - Pitching for Tri-City ValleyCats : RHP Addick Huiberts
Pitching: RHP Robin Yelland
Now at 1B: Sean Hill
Now in CF: Omar Marquez
Batting: LHB Sam Williams 0-0: SINGLE (Line Drive, 6D, EV 93.8 MPH)
Batting: SHB Carlos Carrillo 0-0: Bunted foul
0-1: Called Strike
0-2: Fly out, F9 (Line Drive, 9, EV 85.0 MPH)
Batting: RHB Wil Ochoa 0-0: Foul Ball, location: 2F
0-1: Foul Ball, location: 2F
0-2: Ball
1-2: Ball
Wild Pitch!
Sam Williams to second
2-2: TRIPLE (Flyball, 7D, EV 108.1 MPH)
Sam Williams scores
Batting: SHB Chris Wright 0-0: Intentional Walk
Batting: RHB Fernando Bravo 0-0: Grounds into double play, 4-6-3 (Groundball, 34S, EV 84.4 MPH)
Top of the 9th over - 1 run, 2 hits, 0 errors, 1 left on base; Aberdeen 3 - Tri-City 2
BOTTOM OF THE 9TH
Tri-City ValleyCats batting - Pitching for Aberdeen Ironbirds : RHP Nick Hodge
Pitching: LHP Ronnie Pickering
Now at 1B: Carlos Teniente
Now at 2B: Matt Berrier
Now at 3B: Maup Gommers
Batting: RHB Erik Smith 0-0: Ball
1-0: Called Strike
1-1: Foul Ball, location: 2F
1-2: Foul Ball, location: 2F
1-2: Strikes out swinging
Batting: RHB Dinand Brouwer 0-0: Ground out 6-3 (Groundball, 6S, EV 71.2 MPH)
Batting: RHB Juan Mendoza 0-0: SINGLE (Groundball, 6MD, EV 101.9 MPH)
Batting: RHB Drew Coleman 0-0: Called Strike
0-1: Called Strike
0-2: SINGLE (Line Drive, 6D, EV 101.2 MPH)
Juan Mendoza to second
Batting: RHB Steve Moore 0-0: Ball
1-0: Fielders Choice at 2nd, 4-6 (Groundball, 6M, EV 86.9 MPH)
Bottom of the 9th over - 0 runs, 2 hits, 0 errors, 2 left on base; Aberdeen 3 - Tri-City 2
Tuesday, March 28th , 2023 - OOTP Baseball 23.10 Build 110